 Dungeon Sprint DCSS version 0.17-a0-1485-g22cb0ee (webtiles) character file.

764 pulse the Basher (level 8, -2/69 HPs)
             Began as a Formicid Berserker on July 5, 2015.
             Was a High Priest of Trog.
             Slain by a hill giant
             ... wielding a +0 giant club
              (30 damage)
             ... in the Dungeon (Sprint IX: "|||||||||||||||||||||||||||||").
             The game lasted 00:01:50 (783 turns).

pulse the Basher (Formicid Berserker)                Turns: 783, Time: 00:01:50

Health: -2/69      AC:  9    Str: 26    XL:     8   Next: 8%
Magic:  8/8        EV: 13    Int:  8    God:    Trog [*****.]
Gold:   0          SH:  0    Dex: 10    Spells: 0 memorised, 7 levels left

rFire  . . .     SeeInvis +     q - +2 morningstar (crush)
rCold  . . .     Clarity  .     p - +2 ring mail
rNeg   . . .     SustAt   .     (no shield)
rPois  .         Gourm    .     (helmet unavailable)
rElec  .         Spirit   .     m - +0 cloak
rCorr  .         Warding  .     (no gloves)
rMut   .         Stasis   +     (no boots)
MR     .....                    (no amulet)
Stlth  ..........               (no ring)
                                n - +3 ring of strength

@: not resistant to hostile enchantments, extremely unstealthy
A: permanent stasis, dig shafts and tunnels, four strong arms, antennae 3
a: Dig, Burn Spellbooks, Trog's Hand, Brothers in Arms, Renounce Religion


You were in the Dungeon.
You worshipped Trog.
Trog was extremely pleased with you.
You were not hungry.

You visited 1 branch

Inventory:

Hand weapons
 a - a +0 mace
 q - a +2 morningstar of crushing (weapon)
Missiles
 b - 8 steel javelins (quivered)
Armour
 m - a +0 cloak (worn)
 p - a +2 ring mail (worn)
Jewellery
 n - a +3 ring of strength (left hand)
 o - a +3 ring of intelligence
Magical devices
 l - a wand of cold (5)
Scrolls
 i - 2 scrolls of blinking
 k - 3 scrolls of remove curse
Potions
 d - 4 potions of curing
 e - a potion of invisibility
 f - a potion of haste
 g - 4 potions of magic
 h - a potion of berserk rage
 j - a potion of heal wounds
Comestibles
 c - a bread ration


   Skills:
 - Level 8.5 Fighting
 * Level 12.7 Maces & Flails
 - Level 5.4 Armour
 - Level 6.2 Dodging


You had 7 spell levels left.
You didn't know any spells.

Dungeon Overview and Level Annotations

Branches:
Dungeon (1/1)

Altars:
Cheibriados
Dithmenos
Elyvilon
Fedhas
Gozag
Kikubaaqudgha
Makhleb
Nemelex Xobeh
Okawaru
Qazlal
Ru
Sif Muna
Trog
Vehumet
Xom
Yredelemnul
Zin
The Shining One
Beogh
Jiyva
Lugonu


Innate Abilities, Weirdness & Mutations

You are under a permanent stasis effect.
You can dig through walls and to a lower floor.
Your four strong arms can wield two-handed weapons with a shield.
You have a pair of large antennae on your head (SInv).


Message History

The yak is almost dead.
The hobgoblin skeleton hits you with a club.
The crimson imp blinks!
The yak completely misses you.
You impale the yak!!
You kill the yak!
Trog accepts your kill.
Your Maces & Flails skill increases to level 12!
You have reached level 8!
You feel clever. The hobgoblin skeleton misses you.
You sock the hill giant!
The hill giant is lightly wounded.
The hill giant barely misses you.
You sock the hill giant!
The hill giant is moderately wounded.
The hobgoblin skeleton misses you.
You puncture the hill giant!
The hill giant is severely wounded.
The hill giant hits you with a giant club!!
You die... { { {{ {{{{{{{{ ▓▓▓▓▓▓▓▓▓▓▓▓▓▓▓▓▓▓▓▓▓▓▓▓ '.?|[.[...)5...Z@C...... ▓▓▓▓▓▓▓▓▓▓▓▓▓▓▓▓▓▓▓▓▓▓▓▓

You could see a hill giant, a crimson imp and a hobgoblin skeleton.

Vanquished Creatures
  A troll (D)
  A yak (D)
  A hippogriff (D)
  An ogre (D)
  A crocodile (D)
  A hound (D)
  An iguana (D)
  A shadow imp (D)
  An adder skeleton (D)
  A worm (D)
  2 giant geckos (D)
  An orc (D)
  A ball python (D)
  A bat (D)
  A giant cockroach (D)
  A hobgoblin (D)
  A kobold (D)
  2 rats (D)
20 creatures vanquished.

Notes
Turn   | Place    | Note
--------------------------------------------------------------
     0 | D        | pulse the Formicid Berserker began the quest for the Orb.
     0 | D        | Reached XP level 1. HP: 18/18 MP: 1/1
    18 | D        | Acquired Trog's second power
    18 | D        | Reached skill level 4 in Fighting
    21 | D        | Reached XP level 2. HP: 11/25 MP: 2/2
   221 | D        | Acquired Trog's third power
   228 | D        | Found a glowing silver altar of Zin.
   228 | D        | Found a glowing golden altar of the Shining One.
   228 | D        | Found an ancient bone altar of Kikubaaqudgha.
   228 | D        | Found a basalt altar of Yredelemnul.
   228 | D        | Found a shimmering altar of Xom.
   228 | D        | Found a radiant altar of Vehumet.
   229 | D        | Found an iron altar of Okawaru.
   230 | D        | Found a burning altar of Makhleb.
   231 | D        | Found a deep blue altar of Sif Muna.
   232 | D        | Found a bloodstained altar of Trog.
   233 | D        | Found a sparkling altar of Nemelex Xobeh.
   234 | D        | Found a white marble altar of Elyvilon.
   235 | D        | Found a roughly hewn altar of Beogh.
   236 | D        | Found a viscous altar of Jiyva.
   237 | D        | Found a corrupted altar of Lugonu.
   238 | D        | Found a blossoming altar of Fedhas.
   239 | D        | Found a snail-covered altar of Cheibriados.
   370 | D        | Found a shadowy altar of Dithmenos.
   371 | D        | Found a stormy altar of Qazlal.
   372 | D        | Found an opulent altar of Gozag.
   373 | D        | Found a sacrificial altar of Ru.
   428 | D        | Noticed an ogre
   428 | D        | Noticed an iguana
   428 | D        | Noticed a hippogriff
   428 | D        | Noticed a hound
   430 | D        | Killed an ogre
   430 | D        | Received a gift from Trog
   430 | D        | Reached skill level 6 in Fighting
   430 | D        | Reached XP level 3. HP: 31/35 MP: 3/3
   430 | D        | Reached XP level 4. HP: 36/41 MP: 4/4
   430 | D        | Reached XP level 5. HP: 41/47 MP: 5/5
   431 | D        | Killed an iguana
   439 | D        | Killed a hippogriff
   439 | D        | Reached skill level 8 in Fighting
   439 | D        | Reached skill level 5 in Armour
   439 | D        | Reached skill level 5 in Dodging
   439 | D        | Reached XP level 6. HP: 11/57 MP: 6/6
   441 | D        | Killed a hound
   756 | D        | Noticed a troll
   756 | D        | Noticed a crimson imp
   756 | D        | Noticed a crocodile
   756 | D        | Noticed a yak
   756 | D        | Noticed a hill giant
   760 | D        | Killed a troll
   760 | D        | Reached skill level 10 in Maces & Flails
   760 | D        | Reached XP level 7. HP: 32/63 MP: 7/7
   766 | D        | Received a gift from Trog
   766 | D        | Reached skill level 11 in Maces & Flails
   773 | D        | Killed a crocodile
   780 | D        | Killed a yak
   780 | D        | Reached skill level 12 in Maces & Flails
   780 | D        | Reached XP level 8. HP: 27/69 MP: 8/8
   783 | D        | Slain by a hill giant

Vault maps used:
D:        linesprint

Action                   |  1- 3 |  4- 6 |  7- 9 || total
-------------------------+-------+-------+-------++-------
Melee: Mace              |    40 |       |       ||    40
       Morningstar       |     1 |    14 |    21 ||    36
Evoke: Wand              |     1 |     1 |       ||     2
  Use: Potion            |     1 |       |     2 ||     3
